 Dungeon Crawl Stone Soup version 0.31-a0-455-g1a7b003ef0 (webtiles) character file.

Game seed: 1024632275743750992

2565 brunoleot the Cleaver (level 9, -1/78 HPs)
             Began as a Hill Orc Fighter on Aug 3, 2023.
             Was a Follower of Beogh.
             Slain by Maggie
             ... wielding a +0 morningstar
              (10 damage)
             ... on level 7 of the Dungeon.
             The game lasted 00:36:50 (8913 turns).

brunoleot the Cleaver (Hill Orc Fighter)            Turns: 8913, Time: 00:36:51

Health: -1/78      AC: 17    Str: 23    XL:     9   Next: 57%
Magic:  9/9        EV:  7    Int:  8    God:    Beogh [*.....]
Gold:   270        SH:  5    Dex: 10    Spells: 8/8 levels left

rFire   . . .        a - +0 war axe
rCold   . . .        c - +0 buckler
rNeg    . . .        y - +0 plate armour
rPois   .            o - +1 helmet
rElec   .            (no cloak)
rCorr   .            (no gloves)
SInv    .            k - +0 pair of boots
Will    .....        (no amulet) Stlth
                     (no ring)
HPRegen 0.33/turn    (no ring)
MPRegen 0.11/turn

%: no passive effects
@: mighty, mesmerised
A: no striking features
a: Renounce Religion


You were on level 7 of the Dungeon.
You worshipped Beogh.
Beogh was aware of your devotion.
You visited 1 branch of the dungeon, and saw 7 of its levels.

You collected 500 gold pieces.
You spent 230 gold pieces at shops.

Inventory:

Hand Weapons
 a - a +0 war axe (weapon)
 x - a +0 giant club
 z - a +0 halberd
 J - a +4 short sword
 K - a +0 vampiric falchion
Missiles
 i - 77 stones
 r - 5 javelins
Armour
 b - a +0 scale mail
 c - a +0 buckler (worn)
 f - a +0 ring mail
 h - a +2 robe of willpower
 j - a +0 chain mail
 k - a +0 pair of boots (worn)
 o - a +1 helmet (worn)
 y - a +0 plate armour (worn)
 B - the +1 robe of the Heron {rF+ Slay+2}
   (You found it on level 2 of the Dungeon)

   Slay:      It affects your accuracy & damage with ranged weapons and melee
   (+2).
   rF:        It protects you from fire.
 D - an orb of light
 G - a +0 helmet
 L - a +0 helmet
Magical Staves
 e - a staff of cold
 t - a staff of earth
Jewellery
 p - an amulet of magic regeneration
 q - a ring of protection from fire
 H - a +6 ring of strength
 M - a +6 ring of intelligence
Talismans
 s - a beast talisman
Wands
 C - a wand of roots (10)
 I - a wand of quicksilver (12)
Scrolls
 l - 2 scrolls of fog {unknown}
 u - 2 scrolls of vulnerability {unknown}
 v - 5 scrolls of identify {unknown}
 w - 2 scrolls of torment {unknown}
 A - 2 scrolls of blinking {unknown}
 E - 2 scrolls of silence {unknown}
 F - 3 scrolls of amnesia {unknown}
 X - 4 scrolls of teleportation {unknown}
 Z - 3 scrolls of noise {unknown}
Potions
 g - 3 potions of ambrosia {unknown}
 m - a potion of lignification {unknown}
 n - 2 potions of mutation {unknown}


   Skills:
 + Level 6.7 Fighting
 + Level 11.4 Axes
 + Level 7.6 Armour
 + Level 1.7 Dodging
 + Level 0.6 Stealth
 + Level 5.8 Shields
 + Level 0.1 Evocations


You had 8 spell levels left.
You didn't know any spells.
Your spell library contained the following spells:

 Spells                   Type           Power      Damage    Failure   Level
 Lesser Beckoning         Tloc           0%         N/A       100%        2
 Gell's Gravitas          Tloc           0%         N/A       100%        3
 Teleport Other           Tloc           0%         N/A       100%        3


Dungeon Overview and Level Annotations

Branches:
Dungeon (7/15)             Temple (0/1) D:5

Altars:
Kikubaaqudgha
Nemelex Xobeh
Sif Muna
Zin

Shops:
D:2 !(   D:5 !

Annotations:
D:7 Maggie


Message History

The yak gores you.
You slash Maggie!
Maggie is moderately wounded.
You barely miss the yak. You hit the yak. The yak gores you but does no damage.
Maggie barely misses you. The yak barely misses you.
You hit Maggie.
Maggie is moderately wounded.
You hit the yak. You completely miss the yak.
The yak gores you but does no damage. Maggie gestures at you while chanting.
The bolt of fire hits you! The yak barely misses you.
You slash Maggie!
Maggie is heavily wounded.
You hit the yak. You closely miss the yak.
The yak gores you but does no damage. Maggie hits you with a +0 morningstar!
The yak gores you.
* * * LOW HITPOINT WARNING * * *
You slash Maggie!
Maggie is severely wounded.
You hit the yak but do no damage. You hit the yak.
The yak gores you but does no damage. Maggie barely misses you.
The yak gores you.
* * * LOW HITPOINT WARNING * * *
You closely miss Maggie.
Maggie is severely wounded.
You slash the yak!
You kill the yak!
Beogh accepts your kill.
You hit the yak. Maggie hits you but does no damage. The yak gores you!
* * * LOW HITPOINT WARNING * * *
You cannot move away from Maggie!
You cannot move away from Maggie!
Okay, then.
You feel very mighty all of a sudden. The yak gores you but does no damage.
Maggie hits you but does no damage.
You slash Maggie!
Maggie is almost dead.
You slash the yak! The yak gores you but does no damage.
Maggie hits you with a +0 morningstar!
You die...

....#...............
#####.##...)...........
..##......))....#.....
..###.....)...##..... #.
#.......†.##.....
#.####........##.....
#...#.........# (#..#
######†.............#..#
#.....)@######.#...#..$#
#..#####@Y# #....<#
##Yo..##.......
.Y....#.......#
.............###
........... o...........
.oY..........
..Y@..........


You could see Maggie (mesmerising), 3 yaks and an orc.

Vanquished Creatures
  3 yaks (D:7)
  Menkaure (D:5)
  A water moccasin (D:6)
  3 black bears
  2 sky beasts
  An ogre (D:5)
  A centaur (D:6)
  A phantom (D:6)
  A kobold brigand (D:7)
  A scorpion (D:4)
  4 wights (D:6)
  Dowan (D:7)
  4 hounds
  2 jellies
  A sleepcap (D:2)
  3 iguanas
  10 orc wizards
  9 adders
  6 gnolls
  2 white imps
  4 ufetubi
  3 worms
  2 dart slugs
  13 orcs
  16 endoplasms
  2 giant cockroaches
  6 goblins
  11 hobgoblins
  4 jackals (D:1)
  6 kobolds
  10 quokkas
  10 ball pythons
  4 bats
  3 frilled lizards (D:1)
  4 rats (D:2)
155 creatures vanquished.

Vanquished Creatures (others)
  An orc priest (D:6)
  An orc wizard (D:6)
2 creatures vanquished.

Grand Total: 157 creatures vanquished

Notes
Turn   | Place    | Note
-------+----------+-------------------------------------------
     0 | D:1      | brunoleot the Hill Orc Fighter began the quest for the Orb.
     0 | D:1      | Reached XP level 1. HP: 19/19 MP: 1/1
   113 | D:1      | Reached XP level 2. HP: 14/27 MP: 2/2
   725 | D:1      | Reached skill level 3 in Axes
   787 | D:1      | Found a faded altar of an unknown god.
   835 | D:1      | Reached XP level 3. HP: 33/33 MP: 3/3
   964 | D:1      | You fall into a shaft and drop 1 floor!
   980 | D:2      | Reached XP level 4. HP: 35/40 MP: 4/4
  1042 | D:2      | Found Cusev's Weapon Shoppe.
  1304 | D:2      | Reached skill level 4 in Axes
  1358 | D:2      | Identified the +1 robe of the Heron {rF+ Slay+2}
  2649 | D:2      | Found Xerphupt's Distillery.
  2655 | D:2      | Bought a potion of heal wounds for 50 gold pieces
  2655 | D:2      | Bought 2 potions of curing for 60 gold pieces
  2938 | D:3      | Found a sparkling altar of Nemelex Xobeh.
  2975 | D:3      | Reached XP level 5. HP: 46/46 MP: 5/5
  3022 | D:3      | Reached skill level 5 in Axes
  3717 | D:3      | Found a glowing silver altar of Zin.
  4096 | D:4      | Reached XP level 6. HP: 43/52 MP: 6/6
  4833 | D:4      | Found a shimmering blue altar of Sif Muna.
  5067 | D:4      | Reached skill level 5 in Armour
  5148 | D:4      | Found an ancient bone altar of Kikubaaqudgha.
  5261 | D:4      | Reached skill level 6 in Axes
  5647 | D:5      | Entered Level 5 of the Dungeon
  5651 | D:5      | Noticed a black bear
  5666 | D:5      | Killed a black bear
  5667 | D:5      | Reached XP level 7. HP: 47/60 MP: 7/7
  5885 | D:5      | Found Vuloebb's Distillery.
  5962 | D:5      | Reached skill level 1 in Dodging
  5986 | D:5      | Reached skill level 7 in Axes
  6017 | D:5      | Found a staircase to the Ecumenical Temple.
  6245 | D:5      | Reached skill level 5 in Fighting
  6477 | D:5      | Noticed Menkaure
  6492 | D:5      | Killed Menkaure
  6493 | D:5      | Reached skill level 8 in Axes
  6493 | D:5      | Reached XP level 8. HP: 24/68 MP: 8/8
  6808 | D:5      | Bought a potion of heal wounds for 60 gold pieces
  6808 | D:5      | Bought a potion of heal wounds for 60 gold pieces
  7556 | D:6      | Reached skill level 9 in Axes
  7556 | D:6      | Reached skill level 5 in Shields
  7782 | D:6      | Became a worshipper of Beogh the Brigand
  8206 | D:6      | Reached skill level 10 in Axes
  8225 | D:6      | Reached XP level 9. HP: 68/75 MP: 9/9
  8870 | D:7      | Noticed Dowan
  8885 | D:7      | Noticed Maggie
  8895 | D:7      | Killed Dowan
  8903 | D:7      | Reached skill level 11 in Axes
  8906 | D:7      | Reached * piety under Beogh
  8913 | D:7      | Slain by Maggie

Illustrated notes

Levels and vault maps discovered:
D:1:      evilmike_arrival_hilbert_curve, layout_basic,
          hellmonk_ecumenical_altar_heavens_door
D:2:      minmay_diamond_boxcup, layout_basic, serial_shops,
          nicolae_shop_tiny_real_fake_doors, shop
D:3:      layout_basic, nemelex_altar_shiori, mainiacjoe_overflow_brackets
D:4:      layout_basic, mainiacjoe_overflow_alcove_4,
          mainiacjoe_overflow_surrounded_room, grunt_ministairs_11
D:5:      layout_loops_cross, minmay_temple_entry_hall, serial_shops, shop,
          nicolae_hexahallways, uniq_menkaure
D:6:      minmay_flawed_box, layout_rooms, portal_sewer_entry_d,
          kennysheep_generic_room_5
D:7:      minmay_spotlight, layout_rooms, uniq_duvessa, uniq_maggie,
          uniq_crazy_yiuf_cottage

Skill      XL: |  1  2  3  4  5  6  7  8  9 |
---------------+----------------------------+-----
Axes           | 3 4 5 6 8 10 11 | 11.4
Fighting       | 4 5 6 |  6.7
Armour         | 4 5 6 7 |  7.6
Shields        | 4 5 |  5.8
Dodging        | 1 |  1.7
Stealth        | |  0.6
Evocations     | |  0.1

Action                     |  1- 3 |  4- 6 |  7- 9 || total
---------------------------+-------+-------+-------++-------
  Melee: War axe           |    72 |   242 |   224 ||   538
 Invoke: Convert to Beogh  |       |       |     1 ||     1
  Evoke: Wand              |       |       |     1 ||     1
    Use: Potion            |       |       |    10 ||    10
 Armour: Scale mail        |    56 |       |       ||    56
         Chain mail        |    19 |    14 |       ||    33
         Ring mail         |     1 |       |       ||     1
         Plate armour      |       |   222 |   192 ||   414
  Dodge: Dodged            |    64 |    87 |    89 ||   240
  Block: Buckler           |    19 |    61 |    58 ||   138

Table legend: (Time is in decaauts)
 A = Elapsed time spent in this place.
 B = Non-inter-level travel time spent in this place.
 C = Inter-level travel time spent in this place.
 D = Time resting spent in this place.
 E = Time spent auto-exploring this place.
 F = Levels seen in this place.
 G = Mean time per level.
                   A        B        C        D        E       F      G
               +--------+--------+--------+--------+--------+-----+--------+
         Total |   9039 |   9039 |      0 |   2306 |   2115 |   7 | 1291.3 |
       Dungeon |   9039 |   9039 |      0 |   2306 |   2115 |   7 | 1291.3 |
               +--------+--------+--------+--------+--------+-----+--------+

Top non-repeatable levels by time:
     D:5: 1820 daAuts
     D:1: 1734 daAuts
     D:4: 1619 daAuts
     D:6: 1332 daAuts
     D:3: 1297 daAuts
     D:2: 1101 daAuts
     D:7: 134 daAuts
